 Dungeon Crawl Stone Soup version 0.28.0-53-g5a82cb258f (webtiles) character file.

Game seed: 12080299786501333770

4 Sin92 the Grave Robber (level 1, -1/13 HPs)
             Began as a Demonspawn Necromancer on July 7, 2022.
             Slain by a kobold
             ... wielding a +0 short sword of distortion
              (3 damage)
             ... on level 1 of the Dungeon.
             The game lasted 00:01:16 (371 turns).

Sin92 the Grave Robber (Demonspawn Necromancer)      Turns: 371, Time: 00:01:17

Health: -1/13      AC:  2    Str:  8    XL:     1   Next: 50%
Magic:  0/3        EV: 12    Int: 16    God:
Gold:   0          SH:  0    Dex: 13    Spells: 3/4 levels left

rFire   . . .      SeeInvis .   b - +0 falchion
rCold   . . .      Faith    .   (no shield)
rNeg    . . .      Spirit   .   a - +0 robe
rPois   .          Reflect  .   (no helmet)
rElec   .          Harm     .   (no cloak)
rCorr   .          Rampage  .   (no gloves)
Will    .....                   (no boots)
Stlth   ++........              (no amulet)
HPRegen 0.04/turn               (no ring)
MPRegen 0.08/turn               (no ring)

@: no status effects
A: no striking features
a: no special abilities


You were on level 1 of the Dungeon.
You visited 1 branch of the dungeon, and saw 1 of its levels.

Inventory:

Hand Weapons
 b - a +0 falchion (weapon)
Armour
 a - a +0 robe (worn)


   Skills:
 + Level 0.2 Fighting
 + Level 0.1 Long Blades
 + Level 0.2 Armour
 + Level 1.8 Dodging
 - Level 1.7 Stealth
 + Level 2.0 Spellcasting
 + Level 4.4 Necromancy


You had 3 spell levels left.
You knew the following spells:

 Your Spells              Type           Power      Damage    Failure   Level
a - Pain                  Necr           60%        1d7       3%          1

Your spell library contained the following spells:

 Spells                   Type           Power      Damage    Failure   Level
 Animate Skeleton         Necr           30%        N/A       3%          1
 Vampiric Draining        Necr           15%        2d7       10%         3
 Animate Dead             Necr           7%         N/A       32%         4
 Agony                    Necr           15%        N/A       67%         5


Dungeon Overview and Level Annotations

Branches:
Dungeon (1/15)

Altars:


Message History

The kobold throws a stone.
The stone hits you.
The giant cockroach writhes in agony.
The giant cockroach writhes in agony.
Unknown command.
The giant cockroach barely resists.
Unknown command.
You hit the giant cockroach.
The giant cockroach is almost dead.
The giant cockroach barely misses you. The kobold hits you with a +0 dagger.
You hit the kobold.
You kill the kobold!
The giant cockroach barely misses you. The giant cockroach bites you.
You hit the giant cockroach but do no damage.
The giant cockroach is almost dead.
The giant cockroach misses you.
You closely miss the giant cockroach.
The giant cockroach is almost dead.
The giant cockroach bites you.
* * * LOW HITPOINT WARNING * * *
The giant cockroach closely misses you.
You barely miss the giant cockroach.
The giant cockroach is almost dead.
The giant cockroach barely misses you. x2
You hit the giant cockroach.
You kill the giant cockroach!
You see here a giant cockroach corpse.
You see here a +0 hand axe.
You see here a giant cockroach corpse.
Things that are here:
a +0 dagger; a stone; a kobold corpse A kobold comes into view.
It is wielding a +0 short sword of distortion.
The kobold shouts!
You are too injured to fight recklessly!
Aiming: Pain (safe; 3% risk of failure)
Press: ? - help, Q - select action Shift-Dir - straight line, f - kobold
Aim: a kobold, wielding a +0 short sword of distortion (chance to affect: 85%)
The kobold writhes in agony.
You don't have enough magic to cast this spell.
The kobold hits you with a +0 short sword of distortion.
You die...

## ... #... ########
..... #.$....
......######.##.##..
.......)†.)........#
......######@...##.#
#.....# #K####
.##.#.######.#####.## #..
#.#.##.............
##..###.#.##.###.##.#.###
.#..##....##.# #.# #
#............###.#
#..##...........#
#..###.####.###.#


You could see a kobold.

Vanquished Creatures
  2 giant cockroaches (D:1)
  A kobold (D:1)
3 creatures vanquished.

Notes
Turn   | Place    | Note
-------+----------+-------------------------------------------
     0 | D:1      | Sin92 the Demonspawn Necromancer began the quest for the
                  | Orb.
     0 | D:1      | Reached XP level 1. HP: 13/13 MP: 3/3
   371 | D:1      | Slain by a kobold

Illustrated notes

Levels and vault maps discovered:
D:1:      saegor_arrival_simple_c, layout_loops_ring, st_stairs_13,
          minmay_tetromino_l2

Action                   || total
-------------------------++-------
Melee: Unarmed           ||    14
       Falchion          ||     8
 Cast: Pain              ||     8
Armor: Robe              ||     5
Dodge: Dodged            ||    21
